 Dungeon Crawl Stone Soup version 0.29.1-1-gd02db6906a (webtiles) character file.

Game seed: 2803370360165406413

235 112233 the Shield-Bearer (level 6, -4/43 HPs)
             Began as an Octopode Fighter on Oct 11, 2022.
             Was an Initiate of Makhleb.
             Slain by a sky beast (6 damage)
             ... on level 4 of the Dungeon.
             The game lasted 00:03:57 (3317 turns).

112233 the Shield-Bearer (Octopode Fighter)         Turns: 3317, Time: 00:03:58

Health: -4/43      AC:  1    Str: 15 (16) XL:     6   Next: 5%
Magic:  6/6        EV: 13    Int: 19 (21) God:    Makhleb [......]
Gold:   193        SH:  4    Dex:  9 (10) Spells: 5/5 levels left

rFire   . . .      SeeInvis +   a - +0 long sword
rCold   . . .      Faith    .   b - +0 buckler
rNeg    + . .      Spirit   .   (helmet restricted)
rPois   .          Reflect  .   j - amulet "Fod Es Mig" {Regen+ Int+5}
rElec   .          Harm     .   k - ring of Pragmatism {rN+ Int+6 Dex-3 SInv}
rCorr   .          Rampage  .   (no ring)
Will    .....                   (no ring)
Stlth   ++........              (no ring)
HPRegen 0.94/turn               (no ring)
MPRegen 0.10/turn               (no ring)
                                (no ring)
                                (no ring)

@: mighty, brilliant
A: almost no armour, amphibious, 8 rings, camouflage 1, gelatinous body 1,
(nimble swimmer 1), tentacles
a: Renounce Religion


You were on level 4 of the Dungeon.
You worshipped Makhleb.
Makhleb was noncommittal.
You visited 2 branches of the dungeon, and saw 7 of its levels.

You collected 193 gold pieces.

Inventory:

Hand Weapons
 a - a +0 long sword (weapon)
Armour
 b - a +0 buckler (worn)
Jewellery
 j - the amulet "Fod Es Mig" (around mantle) {Regen+ Int+5}
   (You found it on level 5 of the Dungeon)

   [amulet of regeneration]

   Int:       It affects your intelligence (+5).
   Regen:     It increases your rate of health regeneration.
 k - the ring of Pragmatism (left tentacle) {rN+ Int+6 Dex-3 SInv}
   (You found it on level 4 of the Dungeon)

   [ring of intelligence]

   Int:       It affects your intelligence (+6).
   Dex:       It affects your dexterity (-3).
   rN:        It protects you from negative energy.
   SInv:      It lets you see invisible.
Scrolls
 d - a scroll of magic mapping {unknown}
 e - a scroll of enchant armour {unknown}
 f - 4 scrolls of teleportation {unknown}
 g - a scroll of noise {unknown}
 l - a scroll of amnesia {unknown}
Potions
 h - a potion of degeneration
 m - a potion of berserk rage {unknown}


   Skills:
 + Level 4.1 Fighting
 + Level 3.4 Long Blades
 + Level 4.1 Dodging
 + Level 4.1 Shields


You had 5 spell levels left.
You didn't know any spells.
Your spell library was empty.

Dungeon Overview and Level Annotations

Branches:
Dungeon (6/15)             Temple (1/1) D:5

Altars:
Elyvilon
Fedhas
Hepliaklqana
Makhleb
Nemelex Xobeh
Ru
Vehumet
Wu Jian
Xom
Yredelemnul
Zin

Shops:
D:4 *

Annotations:
D:3 Ijyb
D:5 exclusion: downstairs


Innate Abilities, Weirdness & Mutations

You cannot wear most types of armour.
You are amphibious.
You can wear up to eight rings at the same time.
Your skin changes colour to match your surroundings (Stealth+).
Your rubbery body absorbs attacks. (AC +1, EV +1)
((You are camouflaged when in or above water. (Stealth+)))
You have tentacles for arms and can constrict up to eight enemies at once.


Message History

The sky beast is moderately wounded.
The sky beast misses you.
You barely miss the sky beast.
The sky beast is moderately wounded.
You block the sky beast's attack.
You slash the sky beast!
The sky beast is heavily wounded.
The sky beast hits you. The sky beast shocks you.
You closely miss the sky beast.
The sky beast is heavily wounded.
You block the sky beast's attack. The sky beast hits you.
The sky beast shocks you.
You miss the sky beast.
The sky beast is heavily wounded.
The sky beast barely misses you.
You miss the sky beast.
The sky beast is heavily wounded.
The sky beast hits you. The sky beast shocks you.
You barely miss the sky beast. Your squeeze misses the sky beast.
The sky beast is heavily wounded.
The sky beast hits you. The sky beast shocks you.
* * * LOW HITPOINT WARNING * * *
You closely miss the sky beast.
The sky beast is heavily wounded.
The sky beast hits you.
* * * LOW HITPOINT WARNING * * *
The sky beast shocks you.
* * * LOW HITPOINT WARNING * * *
Unknown command.
It was a potion of brilliance.
You feel clever all of a sudden. The sky beast closely misses you.
Unknown command.
It was a potion of degeneration.
There was something very wrong with that liquid.
You feel weakened.
You feel dopey.
You feel clumsy. The sky beast hits you.
* * * LOW HITPOINT WARNING * * *
The sky beast shocks you.
You die...

##........
..........
#.........
#.........
#.[.......
#......>..
..........
##########
##........
#.....@Y.#
######.##
....#.....#
#.# .
#.#...# ..#
#.###.# #.#
# .. ###
.## #


You could see a sky beast (invisible).

Vanquished Creatures
  A phantom (D:3)
  An iguana (D:5)
  An orc wizard (D:3)
  3 adders
  An ufetubus (D:5)
  2 dart slugs
  8 endoplasms
  3 giant cockroaches
  13 goblins
  10 hobgoblins
  3 jackals (D:1)
  5 kobolds
  3 quokkas
  3 ball pythons
  4 bats
  A frilled lizard (D:1)
  9 rats
71 creatures vanquished.

Vanquished Creatures (others)
  14 plants (D:3)
14 creatures vanquished.

Grand Total: 85 creatures vanquished

Notes
Turn   | Place    | Note
-------+----------+-------------------------------------------
     0 | D:1      | 112233 the Octopode Fighter began the quest for the Orb.
     0 | D:1      | Reached XP level 1. HP: 16/16 MP: 1/1
   200 | D:1      | Reached XP level 2. HP: 5/21 MP: 2/2
   737 | D:1      | Reached XP level 3. HP: 26/26 MP: 3/3
  1409 | D:2      | Found a faded altar of an unknown god.
  1707 | D:2      | Reached XP level 4. HP: 29/31 MP: 4/4
  2298 | D:3      | You fall into a shaft and drop 2 floors!
  2298 | D:5      | Entered Level 5 of the Dungeon
  2423 | D:5      | Found a hazy altar of Hepliaklqana.
  2453 | D:5      | Found a staircase to the Ecumenical Temple.
  2472 | D:5      | Noticed a water moccasin
  2492 | Temple   | Entered the Ecumenical Temple
  2561 | Temple   | Became a worshipper of Makhleb the Destroyer
  2649 | D:5      | Identified the amulet "Fod Es Mig" {Regen+ Int+5}
  2683 | D:4      | Found Rijuer's Overcharged Wands.
  2711 | D:4      | Identified the ring of Pragmatism {rN+ Int+6 Dex-3 SInv}
  2856 | D:3      | Reached XP level 5. HP: 37/37 MP: 5/5
  3025 | D:3      | Noticed a phantom
  3027 | D:4      | Noticed a sky beast
  3159 | D:3      | Killed a phantom
  3234 | D:3      | Reached XP level 6. HP: 43/43 MP: 6/6
  3243 | D:3      | Noticed Ijyb
  3317 | D:4      | HP: 2/43 [sky beast (4)]
  3317 | D:4      | Slain by a sky beast

Illustrated notes

Levels and vault maps discovered:
D:1:      wander_arrival_estate, layout_loops_ring
D:2:      cheibrodos_greedy_goblins, layout_rooms,
          chequers_ecumenical_altar_island
D:3:      layout_loops_cross, serial_shops, shop, serial_bayou,
          serial_bayou_lagoon_a, serial_bayou_pond_c, serial_bayou_ford_a,
          serial_bayou_lagoon_b, uniq_natasha, uniq_ijyb
D:4:      layout_basic, nicolae_overflow_quartered_altars,
          minmay_curled_crystal, serial_bayou_pond_a,
          nicolae_shop_overcharged_wands
D:5:      layout_loops_ring, lemuel_doored_altar,
          minmay_temple_entry_sparse_star, ebering_ghost_rock_garden
D:6:      cheibrodos_iron_armory, layout_cave_pools, uniq_maggie
Temple:   cyrus_temple_forest

Skill      XL: |  1  2  3  4  5 |
---------------+----------------+-----
Long Blades    | 3 |  3.4
Fighting       | 4 |  4.1
Dodging        | 4 |  4.1
Shields        | 4 |  4.1

Action                   |  1- 3 |  4- 6 || total
-------------------------+-------+-------++-------
Melee: Long sword        |    75 |    83 ||   158
       Constrict         |    16 |    20 ||    36
       Tentacles         |    12 |    16 ||    28
       Punch             |     1 |     1 ||     2
  Use: Potion            |       |     5 ||     5
 Stab: Sleeping          |     5 |     2 ||     7
Armor: Skin              |     8 |     4 ||    12
Dodge: Dodged            |    41 |    52 ||    93
Block: Buckler           |    15 |    15 ||    30
